 Dungeon Crawl Stone Soup version 0.18.1-48-g4cf74bf (webtiles) character file.

4 djnw the Caller (level 1, -1/13 HPs)
             Began as a Mummy Summoner on Aug 22, 2016.
             Slain by a hobgoblin
             ... wielding a +0 club
              (3 damage)
             ... on level 1 of the Dungeon.
             The game lasted 00:02:33 (317 turns).

djnw the Caller (Mummy Summoner)                     Turns: 317, Time: 00:02:34

Health: -1/13      AC:  2    Str: 11    XL:     1   Next: 58%
Magic:  0/3        EV: 12    Int: 14    God:
Gold:   48         SH:  0    Dex: 12    Spells: 1 memorised, 3 levels left

rFire  x . .     SeeInvis .     c - +1 mace
rCold  + . .     Gourm    .     a - +0 robe
rNeg   + + +     Faith    .     (no shield)
rPois  ∞         Spirit   .     (no helmet)
rElec  .         Dismiss  .     (no cloak)
rCorr  .         Reflect  .     (no gloves)
SustAt .         Harm     .     (no boots)
MR     .....                    (no amulet)
Stlth  ++........               (no ring)
                                (no ring)

@: very slightly contaminated, not resistant to hostile enchantments, unstealthy
A: no food or potions, fire vulnerability, cold resistance 1, negative energy
resistance 3, torment resistance, unbreathing
a: no special abilities


You were on level 1 of the Dungeon.
You were not hungry.

You visited 1 branch of the dungeon, and saw 1 of its levels.

You collected 48 gold pieces.

Inventory:

Hand Weapons
 c - a +1 mace (weapon)
Armour
 a - a +0 robe (worn)
Books
 b - a book of Callings

   Spells                             Type                      Level
   a - Summon Small Mammal            Summoning                    1
   b - Call Imp                       Summoning                    2
   c - Call Canine Familiar           Summoning                    3
   d - Summon Guardian Golem          Hexes/Summoning              3
   e - Summon Lightning Spire         Summoning/Air                4
   f - Summon Ice Beast               Ice/Summoning                4


   Skills:
 - Level 1.5 Dodging
 - Level 1.5 Stealth
 + Level 2.1 Spellcasting
 * Level 3.4 Summonings


You had 3 spell levels left.
You knew the following spells:

 Your Spells              Type           Power        Failure   Level  Hunger
a - Summon Small Mammal   Summ           ##..         10%         1    N/A

Dungeon Overview and Level Annotations

Branches:
Dungeon (1/15)

Altars:


Innate Abilities, Weirdness & Mutations

You do not eat or drink.
Your flesh is vulnerable to fire.
You are immune to poison.
Your flesh is cold resistant.
You are immune to negative energy.
You are immune to unholy pain and torment.
You can survive without breathing.


Message History

You are too injured to fight recklessly!
You are too injured to fight recklessly!
You are too injured to fight recklessly!
You are too injured to fight recklessly!
Your bat hits the hobgoblin but does no damage.
Your bat barely misses the hobgoblin.
There is an open door here.
Casting: Summon Small Mammal
Confirm with . or Enter, or press ? or * to list all spells.
You miscast Summon Small Mammal.
You are very lightly contaminated with residual magic.
Your brain hurts!
Your bat barely misses the hobgoblin.
The hobgoblin hits you with a club.
* * * LOW HITPOINT WARNING * * *
Your bat hits the hobgoblin but does no damage.
Your bat hits the hobgoblin but does no damage.
Casting: Summon Small Mammal
Confirm with . or Enter, or press ? or * to list all spells.
The hobgoblin hits you with a club.
You die...

#.# #.# #.# ###### #.####.###.#
.....# #..........# ####...?.#
.#####.###########........# .#
###....................# ## .#
#.....##########.......# #. )#
#.###.### #.b'b..#+### #. .#
#.......# #g##...#.# #.
.#######.#.# #@##...#.# #.
.#.......#.# #.##...#.# #####
.+.......#.# #.##...#.# #..r.
.#.###.#.#.# #.##...#.#####.###
.#.# #.#.#.#####.###.##......b#
##.# #.#.#.......###........†.###
##.###>...................†......
.......#.......###########.#..###
#.####.#.#####.###########.#..#


You could see a hobgoblin and a friendly bat.

Vanquished Creatures
  A kobold (D:1)
  A bat (D:1)
  A giant newt (D:1)
3 creatures vanquished.

Vanquished Creatures (collateral kills)
  A hobgoblin (D:1)
  2 bats (D:1)
3 creatures vanquished.

Grand Total: 6 creatures vanquished

Notes
Turn   | Place    | Note
--------------------------------------------------------------
     0 | D:1      | djnw the Mummy Summoner began the quest for the Orb.
     0 | D:1      | Reached XP level 1. HP: 13/13 MP: 3/3
   317 | D:1      | Slain by a hobgoblin

Action                   || total
-------------------------++-------
Melee: Unarmed           ||     7
       Mace              ||     6
 Cast: Summon Small Mamm ||     9
  Use: Scroll            ||     7
 Stab: Sleeping          ||     1
Armor: Robe              ||     9
Dodge: Dodged            ||    20
